 Dungeon Crawl Stone Soup version 0.13.1-2-gfb2c2b7 (console) character file.

11718990 oink the Conqueror (level 27, 201/201 HPs)
             Began as a Gargoyle Fighter on Dec 4, 2013.
             Was the Champion of the Shining One.
             Escaped with the Orb
             ... and 15 runes on Dec 5, 2013!
             The game lasted 14:21:10 (140017 turns).

oink the Conqueror (Gargoyle Fighter)             Turns: 140017, Time: 14:21:11

HP 201/201       AC 64     Str 23      XL: 27
MP  36/43        EV 42     Int 12      God: the Shining One [******]
Gold 5776        SH  0     Dex 24      Spells:  8 memorised, 28 levels left

Res.Fire  : + + .   See Invis. : .   a - +6,+5 Blessed Blade
Res.Cold  : + . .   Warding    : .   K - +13 storm dragon armour of the Twelve Demons {rElec rC+ MR++}
Life Prot.: + + +   Conserve   : +   (no shield)
Res.Poison: +       Res.Corr.  : +   y - +2 plumed helmet {Int+3}
Res.Elec. : +       Clarity    : .   D - +0 cloak {rCorr, Cons}
Sust.Abil.: . .     Spirit.Shd : .   m - +2 pair of gauntlets {Dex+3}
Res.Mut.  : +       Stasis     : .   p - +1 pair of boots of Masochism {Str+4 Dex+3 Curse}
Res.Rott. : +       Flight     : +   c - amulet of Feasy {rMut Int-1 Acc+4}
Saprovore : . . .                    j - ring of protection from fire
                                     T - ring "Goumeam" {Hunger- rF+ MR++}

@: repel missiles, phasing, flying, very slightly contaminated, hasted, glowing,
very quick, incredibly resistant to hostile enchantments, extremely unstealthy
A: large and strong wings, fangs 1, talons 2, deformed body, deterioration 1,
life protection 1, screaming 2, electricity resistance, slow metabolism 1,
unbreathing, petrification resistance, AC +20, Str -2, Int -2
a: Stop Flying, Divine Shield, Cleansing Flame, Summon Divine Warrior, Renounce
Religion
}: 15/15 runes: barnacled, slimy, silver, golden, iron, obsidian, icy, bone,
abyssal, demonic, glowing, magical, fiery, dark, gossamer


You escaped.
You worshipped the Shining One. the Shining One was exalted by your worship.
You were full.

You visited 18 branches of the dungeon, and saw 107 of its levels.
You visited Pandemonium 1 time, and saw 27 of its levels.
You visited the Abyss 2 times.
You visited 1 bazaar.
You also visited: Trove and Ice Cave.

You collected 16103 gold pieces.
You spent 5841 gold pieces at shops.
You donated 4506 gold pieces.

Inventory:

Hand weapons
 a - a +6,+5 Blessed Blade (weapon)
 b - the +11,+9 great sword "Mosiyzuy" {slice, -Tele rN+}
   (You found it in Pandemonium)

   It inflicts extra damage upon your enemies.
   It protects you from negative energy.
   It prevents most forms of teleportation.
Armour
 m - a +2 pair of gauntlets of dexterity (worn)
 p - the +1 pair of boots of Masochism (worn) {Str+4 Dex+3 Curse}
   (Okawaru gifted it to you on level 4 of the Vaults)

   It affects your strength (+4).
   It affects your dexterity (+3).
   It may recurse itself.
 y - a +2 plumed helmet of intelligence (worn)
 D - a +0 cloak of preservation (worn)
 K - the +13 storm dragon armour of the Twelve Demons (worn) {rElec rC+ MR++}
   (You found it on level 3 of the Elven Halls)

   It protects you from cold.
   It insulates you from electricity.
   It affects your resistance to hostile enchantments.
Magical devices
 d - a wand of heal wounds (0) {!d}
 e - a wand of heal wounds (6) {!d}
 f - a wand of heal wounds (0) {!d}
 g - a wand of teleportation (4) {!d}
 h - a wand of disintegration (10) {!d}
 x - a wand of digging (13) {!d}
 C - a wand of digging (9) {!d}
 J - a wand of teleportation (4) {!d}
 O - a wand of digging (11) {!d}
 P - a wand of digging (6) {!d}
 R - a wand of disintegration (7) {!d}
 S - a wand of disintegration (3) {!d}
Comestibles
 U - 3 pieces of ambrosia
 W - 8 bread rations
 X - 3 royal jellies
Scrolls
 o - 17 scrolls of remove curse
 u - a scroll of blinking
 v - 14 scrolls of teleportation
 w - 3 scrolls of identify
 G - 2 scrolls of fog
Jewellery
 c - the amulet of Feasy (around neck) {rMut Int-1 Acc+4}
   (You bought it in a shop on level 12 of the Dungeon)

   [amulet of resist mutation]

   It affects your intelligence (-1).
   It affects your accuracy (+4).
 j - a ring of protection from fire (right hand)
 k - the ring "Throlann" {EV+5 Int+4}
   (You took it off a mermaid on level 5 of the Shoals)

   [ring of evasion]

   It affects your evasion (+5).
   It affects your intelligence (+4).
 n - the ring of Winter {Hunger- rC++}
   (You found it in Pandemonium)

   [ring of sustenance]

   It greatly protects you from cold.
 s - a cursed amulet of stasis
 T - the ring "Goumeam" (left hand) {Hunger- rF+ MR++}
   (You bought it in a shop on level 12 of the Dungeon)

   [ring of sustenance]

   It protects you from fire.
   It affects your resistance to hostile enchantments.
 V - a cursed ring of regeneration {@P1}
Potions
 l - 9 potions of magic
 q - 2 potions of resistance
 z - 6 potions of brilliance
 A - 8 potions of restore abilities
 B - a potion of speed
 F - 2 potions of heal wounds
 I - 12 potions of curing
Orbs of Power
 i - the Orb of Zot


   Skills:
 O Level 27 Fighting
 O Level 27 Long Blades
   Level 12.0 Maces & Flails
 O Level 27 Armour
 O Level 27 Dodging
 - Level 15.0 Shields
 - Level 15.0 Spellcasting
 - Level 18.0 Charms
 - Level 20.0 Translocations
 + Level 18.9 Invocations


You had 28 spell levels left.
You knew the following spells:

 Your Spells              Type           Power        Failure   Level  Hunger
a - Apportation           Tloc           ######....   0%          1    None
b - Summon Butterflies    Summ           #.......     17%         1    None
c - Blink                 Tloc           N/A          0%          2    None
d - Repel Missiles        Chrm/Air       ####......   1%          2    None
e - Haste                 Chrm           ######..     1%          6    ######.
f - Control Teleport      Chrm/Tloc      ######....   1%          4    ###....
g - Phase Shift           Tloc           ######....   1%          5    ####...
h - Controlled Blink      Tloc           N/A          4%          7    #######


Dungeon Overview and Level Annotations

Branches:
Dungeon (27/27)            Temple (1/1) D:4             Orc (4/4) D:8
    Elf (3/3) Orc:3          Lair (8/8) D:13         Shoals (5/5) Lair:3
 Spider (5/5) Lair:4        Slime (6/6) Lair:6       Vaults (5/5) D:15
  Blade (1/1) Vaults:3      Crypt (5/5) Vaults:3       Tomb (3/3) Crypt:3
    Dis (7/7) Hell            Geh (7/7) Hell            Coc (7/7) Hell
    Tar (7/7) Hell            Zot (5/5) D:27

Altars:
Ashenzari
Cheibriados
Elyvilon
Fedhas
Kikubaaqudgha
Makhleb
Nemelex Xobeh
Okawaru
Sif Muna
Trog
Xom
Yredelemnul
Zin
the Shining One
Beogh

Shops:
D:12 =+   D:19 *   D:22 (   D:24 /   Orc:4 }=*![   Elf:3 +   Shoals:1 !
Vaults:2 +   Vaults:3 }

Portals:
Hell: D:21 D:22 D:23 D:24 D:25 D:26 D:27
Abyss: D:21 D:24 D:25 D:27
Pandemonium: D:22 D:24 D:25 D:26

Annotations:
D:26 Boris


Innate Abilities, Weirdness & Mutations

You are resistant to torment.
You are immune to poison.
You can fly continuously.
Your stone body is very resilient (AC +20).
Your wings are large and strong.
You have very sharp teeth.
You have razor-sharp toenails.
You resist negative energy.
You are resistant to electric shocks.
You have a slow metabolism.
You can survive without breathing.
You are immune to petrification.
Armour fits poorly on your strangely shaped body.
Your body is slowly deteriorating.
You are dopey. (Int -2)
You sometimes yell uncontrollably.
You are weak. (Str -2)


Message History

You're already here!
A yell rips itself from your throat!
There is an open gate here.
There is an open door here.
An ufetubus comes into view.
There is a staircase leading out of the dungeon here.
The ufetubus misses you. The ufetubus completely misses you.
You carve the ufetubus like a ham!!!
You kill the ufetubus!
The Shining One accepts your kill.
Casting: Haste
Confirm with . or Enter, or press ? or * to list all spells.
You feel protected from missiles.
Casting: Repel Missiles
Confirm with . or Enter, or press ? or * to list all spells.
You feel the strange sensation of being on two planes at once.
Casting: Phase Shift
Confirm with . or Enter, or press ? or * to list all spells.
Okay, then.
You have escaped!

###################
#....#...8...#....#
#.@..#.8...8.'..⌠.#
#....#...⌠...#....#
#....'.8...8.#....#
###..#.......#..###
######..8.8..####♣♣
#♣♣♣##.......##♣♣..
#..♣♣###...###♣♣...
#♣..♣.♣#'''#♣♣.....
#♣..............♣##


There were no monsters in sight!

Vanquished Creatures
  Antaeus (Coc:7)
  Asmodeus (Geh:7)
  Cerebov (Pan)
  the royal jelly (Slime:6)
  Ereshkigal (Tar:7)
  Gloorx Vloq (Pan)
  Mnoleg (Pan)
  Dispater (Dis:7)
  3 orbs of fire (Zot:5)
  Lom Lobon (Pan)
  The ghost of inmateoo the Slayer, a legendary GrFi of the Shining One (Dis:7)
  10 ancient liches
  the Serpent of Hell (Dis:7)
  29 greater mummies
  Saint Roka (Shoals:3)
  Sojobo (Vaults:4)
  Margery (D:26)
  Mara (D:19)
  Mennas (D:24)
  2 Killer Klowns (Zot:5)
  9 pandemonium lords
  Geryon (Hell)
  The ghost of oink the Bludgeoner, a mighty GrFi of the Shining One (Crypt:1)
  4 golden dragons
  2 profane servitors
  Jory (Vaults:4)
  Xtahua (D:26)
  17 bone dragons
  Nikola (Shoals:3)
  43 Brimstone Fiends
  18 liches
  The ghost of oink the Earth Mage, a mighty GrFi of the Shining One (Crypt:1)
  19 Hell Sentinels
  57 Ice Fiends
  2 hellephants
  9 tentacled monstrosities
  17 Orb Guardians
  7 deep elf blademasters (Elf:3)
  The ghost of letownia the Executioner, a mighty MiWr of Trog (D:23)
  4 titans
  6 deep elf master archers (Elf:3)
  8 eldritch tentacles
  32 Shadow Fiends
  15 storm dragons
  20 acid blobs
  3 quicksilver dragons (D:25)
  Polyphemus (Shoals:5)
  2 krakens (Shoals:4)
  31 Executioners
  Rupert (D:19)
  Agnes (Shoals:2)
  4 sphinxes
  9 tengu reavers
  Frances (Vaults:4)
  Kirke (Elf:2)
  16 shadow dragons
  5 ancient champions
  Roxanne (D:16)
  10 fire giants
  4 draconian monks
  10 tentacled starspawn
  2 revenants
  Ilsuiw (Shoals:5)
  14 deep elf sorcerers
  2 ghouls (Crypt:2)
  8 azure jellies
  13 frost giants
  An orc warlord (Orc:2)
  4 draconian scorchers
  Donald (Spider:3)
  Wiglaf (Spider:3)
  8 ghost moths
  4 draconian knights
  12 iron dragons
  Aizul (Spider:2)
  Louise (Shoals:3)
  4 emperor scorpions
  9 vault wardens
  3 curse skulls
  23 cacodemons
  5 draconian zealots
  Jorgrun (Shoals:5)
  25 balrugs
  41 stone giants
  2 draconian annihilators
  115 reapers
  4 draconian shifters
  7 eidola
  2 draconian callers
  3 grey draconians
  11 green draconians
  2 vampire knights
  7 deep elf demonologists
  Azrael (D:16)
  12 lorocyprocas
  12 deep elf annihilators
  9 green deaths
  12 purple draconians
  5 white draconians
  7 mottled draconians
  4 pale draconians
  4 red draconians
  7 yellow draconians
  3 black draconians
  6 merfolk javelineers
  16 blizzard demons
  7 ettins
  2 unborn
  Snorg (D:16)
  22 jiangshi
  A spriggan air mage (D:25)
  7 sirens
  4 deep elf death magi
  21 mummy priests
  39 vault guards
  6 death oozes
  7 merfolk impalers (Shoals:5)
  14 dragons
  35 yaktaur captains
  2 salamanders (Geh:7)
  6 deep elf high priests (Elf:3)
  12 kraken zombies
  9 ironheart preservers
  31 ice dragons
  8 death cobs
  3 merfolk aquamancers (Shoals:5)
  A spriggan (D:25)
  A hydra (shapeshifter) (D:25)
  Fannar (D:11)
  6 great orbs of eyes
  Harold (D:11)
  An anaconda (shapeshifter) (D:26)
  14 hydras
  A ravenous item mimic (Vaults:5)
  Nessos (D:11)
  3 ravenous feature mimics
  4 death yaks
  5 deep troll earth magi
  Erica (D:13)
  14 ogre magi
  6 spectral stone giants
  3 vampire magi
  2 anacondas (D:25)
  2 plague shamblers
  A deep dwarf death knight (Crypt:2)
  A death yak (shapeshifter) (D:21)
  2 spectral elves
  3 deep troll shamans (D:25)
  24 dancing weapons
  7 orc high priests
  15 very ugly things
  13 wretched stars
  A spectral storm dragon (Tomb:1)
  5 naga warriors
  4 rakshasas
  29 centaur warriors
  61 soul eaters
  13 iron golems
  8 thrashing horrors
  A fire crab (shapeshifter) (D:20)
  3 fire crabs
  19 hell knights
  26 shadow wraiths
  A catoblepas (Shoals:5)
  23 hell hogs
  A storm dragon zombie (Tomb:1)
  2 titan skeletons
  13 deep elf knights
  62 sun demons
  2 spectral anacondas
  6 storm dragon skeletons
  255 skeletal warriors
  9 giant orange brains
  7 sea snakes
  30 shadow demons
  18 iron trolls
  4 unseen horrors
  Erolcha (D:8)
  60 large abominations
  3 kraken simulacra (Coc:2)
  A lindwurm (shapeshifter) (Vaults:5)
  19 hill giants
  3 death drakes
  19 shadow dragon zombies
  A draconian (shapeshifter) (D:25)
  A swamp dragon (shapeshifter) (Vaults:4)
  5 ice statues
  90 ice devils
  31 flaming corpses
  33 flayed ghosts
  11 giant amoebae
  Pikel (D:6)
  38 orc knights
  12 ironbrand convokers
  54 hellions
  15 deep elf conjurers
  12 deep trolls
  5 lindwurms
  A sphinx zombie (Crypt:3)
  9 wizards
  38 wolf spiders
  9 griffons
  20 shadow dragon skeletons
  8 shining eyes
  A wolf spider (shapeshifter) (D:21)
  96 iron dragon zombies
  5 frost giant zombies
  20 harpies
  21 cyclopes
  36 phantasmal warriors
  A shining eye (shapeshifter) (Vaults:5)
  A spectral human (Vaults:5)
  10 orc sorcerers
  14 necromancers
  2 stone golems
  9 stone giant zombies
  A sphinx skeleton (Pan)
  2 fire giant zombies
  A guardian serpent (shapeshifter) (Vaults:5)
  2 moths of wrath (shapeshifter) (Vaults:5)
  21 moths of wrath
  31 sixfirhies
  5 frost giant skeletons
  An elephant (D:25)
  8 iron dragon skeletons
  2 black mambas
  24 stone giant skeletons
  7 fire giant skeletons
  An apocalypse crab (Abyss:1)
  14 vault sentinels
  A feature mimic (D:12)
  9 red wasps
  4 deep elf summoners
  A black mamba (shapeshifter) (Vaults:2)
  A guardian serpent (D:25)
  A spriggan druid (Lair:6)
  An eye of devastation (shapeshifter) (Elf:2)
  A dire elephant zombie (Crypt:3)
  56 smoke demons
  93 tormentors
  A vapour (Abyss:4)
  7 spiny worms
  A storm dragon simulacrum (Tomb:3)
  3 eyes of devastation
  Psyche (D:10)
  A green draconian zombie (Zot:5)
  46 orange demons
  A dire elephant skeleton (Crypt:5)
  2 purple draconian zombies
  10 spiny frogs
  A black draconian zombie (Crypt:3)
  3 naga magi (D:25)
  12 demonic crawlers
  3 redback zombies
  A yellow draconian zombie (Zot:2)
  84 yaktaurs
  6 fire drakes
  4 iron troll zombies
  5 efreet
  2 purple draconian skeletons
  A jumping spider (shapeshifter) (D:24)
  A giant firefly (D:25)
  51 hellwings
  An ancient bear skeleton (Crypt:1)
  A fire drake (shapeshifter) (D:19)
  74 iron devils
  3 wandering mushrooms
  11 mermaids
  A mottled draconian skeleton (Abyss:4)
  72 red devils
  A harpy zombie (Crypt:3)
  A hydra zombie (Crypt:2)
  61 guardian mummies
  12 orb spiders
  2 silent spectres
  15 deep elf priests
  10 hell beasts
  50 death drake zombies
  26 small abominations
  19 komodo dragons
  29 jumping spiders
  12 trolls
  9 ancient zymes
  A harpy skeleton (Crypt:2)
  85 blue devils
  5 iron troll skeletons
  Prince Ribbit (D:5)
  14 blink frogs
  6 wind drakes
  A catoblepas zombie (Crypt:2)
  A troll (shapeshifter) (D:17)
  145 slime creatures
  A hydra skeleton (D:16)
  A boulder beetle (shapeshifter) (Vaults:5)
  25 deep elf magi
  51 death drake skeletons
  An ettin zombie (Tomb:2)
  109 ice dragon zombies
  29 two-headed ogres
  2 red wasp zombies
  20 snapping turtles
  2 sphinx simulacra
  16 boulder beetles
  2 dragon zombies
  9 basilisks
  267 flying skulls
  19 trapdoor spiders
  A griffon skeleton (D:14)
  107 ugly things
  41 redbacks
  80 shadows
  29 tarantellas
  2 grizzly bears (Lair:6)
  A fire giant simulacrum (D:18)
  91 ice dragon skeletons
  4 stone giant simulacra
  8 ettin skeletons
  20 starcursed masses
  A dryad skeleton (Crypt:3)
  3 guardian serpent skeletons
  2 air elementals (D:25)
  6 dragon skeletons (Crypt:5)
  3 tarantellas (shapeshifter)
  74 wraiths
  A redback (shapeshifter) (D:25)
  5 hill giant zombies
  14 chaos spawn
  15 sharks
  44 water elementals
  A yak (shapeshifter) (D:26)
  8 metal gargoyles (Hell)
  44 ynoxinuls
  A dire elephant simulacrum (IceCv)
  6 fire elementals (D:16)
  22 brown oozes
  40 vampires
  13 golden eyes
  A spectral yaktaur (Crypt:2)
  A steam dragon (Lair:4)
  44 yaks
  47 neqoxecs
  A pale draconian simulacrum (Abyss:1)
  3 spiny worm zombies
  2 wyverns
  A clay golem (Abyss:1)
  3 merfolk (shapeshifter)
  3 iron troll simulacra (IceCv)
  A hill giant skeleton (D:14)
  5 rock worms
  13 vampire mosquitoes
  31 hungry ghosts
  20 manticores
  6 mottled dragons
  A deep troll zombie (Crypt:2)
  20 hippogriffs
  16 wolves
  31 deep elf fighters
  A green draconian simulacrum (Abyss:4)
  12 molten gargoyles (Geh:7)
  9 porcupines
  Edmund (Orc:1)
  4 hydra simulacra (IceCv)
  4 human zombies
  5 spatial vortices
  A soldier ant (D:18)
  A soldier ant (shapeshifter) (D:18)
  2 faun zombies
  An agate snail zombie (D:16)
  77 freezing wraiths
  37 merfolk
  A raven skeleton (Crypt:3)
  39 necrophages
  A harpy simulacrum (IceCv)
  A spectral yak (Crypt:3)
  A black bear (D:11)
  148 hell hounds
  3 yellow wasps
  3 deep troll skeletons
  5 swamp drakes
  8 giant goldfish
  34 ice beasts
  A baby alligator skeleton (Crypt:4)
  49 ogres
  76 orc warriors
  6 sky beasts
  3 slaves (D:6)
  16 phantoms
  A blink frog skeleton (D:14)
  4 boring beetles
  31 lava worms
  16 crocodiles
  An ettin simulacrum (IceCv)
  2 ice dragon simulacra
  35 centaurs
  A giant firefly simulacrum (Crypt:3)
  A snapping turtle skeleton (Crypt:3)
  A vampire mosquito zombie (D:21)
  17 wargs
  68 rotting devils
  A fire drake zombie (Crypt:2)
  2 yaktaur zombies
  A giant slug (shapeshifter) (Vaults:5)
  A hog skeleton (Crypt:3)
  11 giant slugs
  14 giant frogs
  A komodo dragon zombie (D:15)
  2 spiny worm simulacra
  10 water moccasins
  6 big kobolds
  A mermaid skeleton (Crypt:1)
  3 brain worms
  14 agate snails
  3 hell hound zombies (Abyss:4)
  4 cyclops zombies
  A chimera skeleton (Crypt:3)
  9 yaktaur skeletons
  2 glowing shapeshifter simulacra
  A queen bee zombie (Crypt:2)
  5 boulder beetle zombies
  9 giant goldfish zombies
  4 rock worm zombies (Abyss:4)
  2 hippogriff zombies
  A troll zombie (D:7)
  2 yak zombies
  13 eyes of draining
  41 jellyfish
  39 lava fish
  8 shark zombies
  3 draconian zombies
  6 electric eels
  2 giant goldfish skeletons
  An eye of draining (shapeshifter) (Vaults:4)
  6 goliath beetles
  A troll skeleton (D:13)
  3 fire bats (Abyss:1)
  145 wights
  38 killer bees
  15 quasits
  37 crimson imps
  17 jellies
  7 big fish
  56 iron imps
  32 spiders
  An octopode zombie (Crypt:1)
  A soldier ant zombie (D:15)
  41 orc priests
  A wolf skeleton (Crypt:5)
  A basilisk skeleton (D:13)
  A giant frog skeleton (D:12)
  15 hounds
  15 lava snakes
  46 orc wizards
  13 scorpions
  A warg zombie (Vaults:2)
  10 iguanas
  2 orange rats
  A grizzly bear simulacrum (Crypt:1)
  12 sheep
  2 killer bee zombies
  9 worker ants
  Ijyb (D:3)
  A big kobold zombie (D:14)
  3 sky beast zombies
  A mottled dragon skeleton (D:10)
  A necrophage skeleton (Tar:4)
  2 big kobold skeletons
  6 boggarts
  A felid skeleton (Crypt:4)
  2 hound zombies
  2 hound skeletons
  52 mummies
  3 orange rat zombies (Hell)
  A brain worm simulacrum (Abyss:4)
  25 adders
  10 big fish zombies
  22 green rats
  15 lemures
  24 shadow imps
  A steam dragon skeleton (D:9)
  6 big fish skeletons
  59 white imps
  6 giant centipedes
  3 giant mites
  An inept feature mimic (D:3)
  2 worms (shapeshifter)
  A goliath beetle zombie (D:7)
  4 big fish simulacra
  209 ufetubi
  4 worms
  2 giant centipede zombies
  An iguana skeleton (D:8)
  8 giant eyeballs
  4 giant geckos
  12 oozes
  235 orcs
  30 bats
  A bat skeleton (Crypt:3)
  24 goblins
  20 hobgoblins
  26 jackals
  27 kobolds
  7 quokkas
  A ball python (D:3)
  A ball python zombie (Crypt:1)
  5 giant cockroaches
  A giant gecko zombie (D:8)
  3 giant newts
  2 giant spores
  A hobgoblin skeleton (D:6)
  12 illusory rakshasas
  A kobold skeleton (D:5)
  A lurking horror (Abyss:1)
  2 orc zombies (Vaults:2)
  A quokka skeleton (D:9)
  29 rats
  2 rat skeletons
  A spectral kobold (Crypt:2)
  12 ballistomycetes
  A bush (Lair:8)
  3 butterflies
  3 crawling corpses (Elf:3)
  2 fungi
  A macabre mass (Elf:3)
  5 plants
  10 starspawn tentacles
  23 tentacles
  A tentacle segment (Coc:6)
7744 creatures vanquished.

Vanquished Creatures (collateral kills)
  An orb of fire (Zot:5)
  6 greater mummies
  An electric golem (Zot:5)
  3 Orb Guardians (Zot:5)
  2 acid blobs
  6 sphinxes
  An ancient champion (Crypt:5)
  A ghost moth (Zot:5)
  4 reapers
  A blizzard demon (Pan)
  3 green deaths (Pan)
  A death ooze (Slime:6)
  2 jiangshi
  14 mummy priests
  2 rakshasas (Pan)
  A soul eater (Tomb:3)
  An iron golem (Crypt:5)
  A storm dragon zombie (Tomb:3)
  A shadow wraith (Tomb:2)
  A giant orange brain (Pan)
  A flayed ghost (Tomb:1)
  2 flaming corpses (Crypt:5)
  A frost giant zombie (Tomb:1)
  A phantasmal warrior (Tomb:3)
  A stone giant zombie (Tomb:1)
  A sixfirhy (Pan)
  A moth of wrath (Zot:5)
  A frost giant skeleton (Tomb:3)
  A sphinx skeleton (Crypt:5)
  2 stone giant skeletons
  A fire giant skeleton (Crypt:5)
  An orange demon (Tomb:1)
  7 smoke demons
  A red devil (Tomb:1)
  55 guardian mummies
  3 hellwings
  An iron devil (Tomb:3)
  A guardian serpent zombie (Tomb:1)
  A stone giant simulacrum (Tomb:1)
  An ettin skeleton (Crypt:5)
  9 flying skulls
  4 shadows
  A hungry ghost (Crypt:5)
  A yaktaur skeleton (Crypt:5)
  A jelly (Slime:5)
  A black bear skeleton (Crypt:5)
  A brain worm zombie (Tomb:1)
  16 mummies
  An ooze (Slime:6)
  3 illusory rakshasas (Pan)
  A plant (Crypt:5)
176 creatures vanquished.

Vanquished Creatures (others)
  4 eldritch tentacles
  A daeva (Tomb:3)
  A tengu reaver (D:27)
  A fire giant (Zot:2)
  A ghost moth (Zot:5)
  8 angels
  A vampire knight (Crypt:3)
  A dragon (D:27)
  A death cob (Zot:2)
  A kraken zombie (Coc:2)
  An ice dragon (D:25)
  A skeletal warrior (Dis:4)
  2 large abominations
  4 ball lightnings
  2 humans (Elf:2)
  An unseen horror (D:25)
  2 stone giant zombies
  A stone giant skeleton (Tomb:2)
  A frost giant skeleton (Crypt:1)
  A deep elf summoner (Elf:2)
  2 smoke demons (Pan)
  A yaktaur (shapeshifter) (D:21)
  An iron devil (Dis:4)
  An iron troll zombie (Tomb:2)
  A tormentor (Geh:6)
  3 hellwings (Pan)
  2 guardian mummies (Tomb:2)
  An orb spider (Spider:3)
  A blue devil (Zot:4)
  A slime creature (Vaults:2)
  A stone giant simulacrum (Tomb:2)
  A ynoxinul (Abyss:4)
  An ice dragon skeleton (Geh:3)
  3 water elementals
  A shadow (Coc:4)
  8 flying skulls
  A hippogriff (Shoals:3)
  A human zombie (D:26)
  A deep elf fighter (Elf:3)
  A necrophage (Tomb:2)
  A deep troll skeleton (D:23)
  An ice beast (Coc:7)
  An orc warrior (D:21)
  2 centaurs
  An ogre (D:18)
  11 lost souls
  2 killer bees (D:16)
  A lava fish (Geh:7)
  4 wights
  An orc priest (D:6)
  A spider (Spider:3)
  An orc wizard (D:8)
  3 iron imps
  9 mummies
  An orange rat zombie (Hell)
  2 white imps (Coc:7)
  7 ufetubi
  3 orcs
  A bat (Shoals:3)
  2 giant spores
  An illusory rakshasa (Pan)
  3 kobolds (D:12)
  A lurking horror (Abyss:4)
  289 eldritch tentacle segments
  2 fungi
  3 plants
  12 starspawn tentacles
  105 starspawn tentacle segments
  67 tentacles
  889 tentacle segments
1496 creatures vanquished.

Grand Total: 9416 creatures vanquished

Notes
Turn   | Place    | Note
--------------------------------------------------------------
     0 | D:1      | oink, the Gargoyle Fighter, began the quest for the Orb.
     0 | D:1      | Reached XP level 1. HP: 14/14 MP: 0/0
   147 | D:1      | Reached XP level 2. HP: 17/19 MP: 1/1
   187 | D:1      | confidenceinterval: hello
   595 | D:2      | Reached XP level 3. HP: 24/24 MP: 2/2
  1022 | D:3      | Reached skill level 4 in Fighting
  1022 | D:3      | Reached XP level 4. HP: 29/29 MP: 3/3
  1193 | D:3      | Reached XP level 5. HP: 19/33 MP: 4/4
  1890 | D:3      | Noticed Ijyb
  1908 | D:3      | Killed Ijyb
  1922 | D:3      | Found a shattered altar of Ashenzari.
  2091 | D:4      | Reached XP level 6. HP: 36/39 MP: 5/5
  2146 | D:4      | Found a staircase to the Ecumenical Temple.
  2157 | Temple   | Entered the Ecumenical Temple
  2211 | Temple   | Became a worshipper of Warmaster Okawaru
  2258 | D:4      | Noticed an ogre
  2265 | D:4      | Killed an ogre
  2456 | D:4      | Noticed an ogre
  2480 | D:4      | Killed an ogre
  2480 | D:4      | Reached skill level 5 in Fighting
  2480 | D:4      | Reached skill level 5 in Maces & Flails
  2525 | D:4      | Reached XP level 7. HP: 18/44 MP: 6/6
  2536 | D:4      | Acquired Okawaru's first power
  2895 | D:4      | Found a bloodstained altar of Trog.
  3032 | D:4      | Reached skill level 5 in Shields
  3155 | D:4      | Paralysed by a giant eyeball for 4 turns
  3195 | D:5      | Entered Level 5 of the Dungeon
  3234 | D:5      | Found a blossoming altar of Fedhas.
  3246 | D:5      | Noticed Prince Ribbit
  3273 | D:5      | Killed Prince Ribbit
  3273 | D:5      | Reached skill level 6 in Maces & Flails
  3273 | D:5      | Reached skill level 5 in Armour
  3442 | D:5      | Reached XP level 8. HP: 46/49 MP: 7/7
  3654 | D:5      | Paralysed by a giant eyeball for 4 turns
  3667 | D:5      | Found a snail-covered altar of Cheibriados.
  4014 | D:6      | Reached skill level 7 in Maces & Flails
  4076 | D:6      | Got a transparent robe
  4338 | D:6      | Reached XP level 9. HP: 50/55 MP: 8/8
  4466 | D:6      | Reached skill level 8 in Maces & Flails
  4480 | D:6      | Noticed Pikel
  4491 | D:6      | Killed Pikel
  4769 | D:7      | Identified the +1 robe of Hadjma {rElec rN+ SInv} (You found it on level 6 of the Dungeon)
  4798 | D:7      | Found a glowing silver altar of Zin.
  4932 | D:7      | Got an ichor-stained robe
  5015 | D:7      | Identified a scroll of acquirement
  5093 | D:7      | Reached skill level 9 in Maces & Flails
  5393 | D:8      | Found a glowing golden altar of the Shining One.
  5397 | D:8      | Noticed Erolcha
  5403 | D:8      | Killed Erolcha
  5420 | D:8      | Reached XP level 10. HP: 61/61 MP: 9/9
  5949 | D:8      | Reached skill level 10 in Maces & Flails
  6075 | D:8      | Found a staircase to the Orcish Mines.
  6332 | D:8      | Paralysed by a giant eyeball for 2 turns
  7013 | D:10     | Entered Level 10 of the Dungeon
  7347 | D:10     | Noticed a hill giant
  7358 | D:10     | Killed a hill giant
  7360 | D:10     | Acquired Okawaru's second power
  7389 | D:10     | Reached skill level 11 in Maces & Flails
  7524 | D:10     | Killed an unseen horror
  7524 | D:10     | Reached XP level 11. HP: 32/68 MP: 7/10
  7732 | D:10     | Noticed Psyche
  7739 | D:10     | Killed Psyche
  7984 | D:11     | Noticed Nessos
  7984 | D:11     | Noticed Fannar
  8321 | D:11     | Killed Nessos
  8321 | D:11     | Reached skill level 1 in Invocations
  8326 | D:11     | Killed Fannar
  8326 | D:11     | Received a gift from Okawaru
  8640 | D:11     | Noticed a hill giant
  8650 | D:11     | Killed a hill giant
  8688 | D:11     | Noticed Harold
  8707 | D:11     | Killed Harold
  9333 | D:11     | Reached skill level 12 in Maces & Flails
  9373 | D:11     | Reached skill level 10 in Fighting
  9516 | D:11     | Reached skill level 10 in Shields
  9750 | D:11     | Reached XP level 12. HP: 60/75 MP: 15/18
 10319 | D:12     | Reached skill level 10 in Armour
 10543 | D:12     | Found Klext's Jewellery Boutique.
 10560 | D:12     | Bought the ring "Goumeam" {Hunger- rF+ MR++} for 423 gold pieces
 10661 | D:12     | Reached skill level 5 in Invocations
 10779 | D:12     | Found Blin's Book Emporium.
 10815 | D:12     | Noticed a three-headed hydra
 10850 | D:12     | Killed a three-headed hydra
 10919 | D:12     | Got an ancient sabre
 11682 | D:13     | Received a gift from Okawaru
 11833 | D:13     | Found a staircase to the Lair.
 12101 | D:13     | Noticed Erica
 12116 | D:13     | Killed Erica
 12269 | Lair:1   | Entered Level 1 of the Lair of Beasts
 12330 | Lair:1   | Got a pearl-encrusted chain mail
 13007 | Lair:2   | Reached XP level 13. HP: 77/81 MP: 21/23
 14164 | Lair:3   | Received a gift from Okawaru
 14346 | Lair:3   | Identified the cursed +6 chain mail of Rotation {+Rage rElec rC+ Dam-1} (You found it on level 1 of the Lair of Beasts)
 14559 | Lair:3   | Found a staircase to the Shoals.
 14766 | Lair:4   | Found a hole to the Spider Nest.
 15526 | Lair:4   | Received a gift from Okawaru
 16396 | Lair:6   | Found a staircase to the Slime Pits.
 17290 | Lair:7   | Received a gift from Okawaru
 17538 | Lair:7   | Reached skill level 13 in Fighting
 17589 | Lair:7   | Gained mutation: Your wings are large and strong. [gargoyle growth]
 17589 | Lair:7   | Reached XP level 14. HP: 80/89 MP: 24/24
 18124 | Lair:8   | Entered Level 8 of the Lair of Beasts
 18323 | Lair:8   | Received a gift from Okawaru
 18902 | Lair:8   | Identified the Disquisition on Air
 20855 | Orc:1    | Entered Level 1 of the Orcish Mines
 20855 | Orc:1    | Noticed Edmund
 20877 | Orc:1    | Killed Edmund
 21693 | Orc:2    | Noticed an orc warlord
 21749 | Orc:2    | Killed an orc warlord
 22056 | Orc:2    | Found a roughly hewn altar of Beogh.
 22225 | Orc:2    | Reached skill level 14 in Fighting
 22351 | Orc:2    | Found Neaqoc's Food Emporium.
 22743 | Orc:1    | Found a roughly hewn altar of Beogh.
 22899 | Orc:3    | Found a staircase to the Elven Halls.
 23423 | Orc:4    | Entered Level 4 of the Orcish Mines
 23423 | Orc:4    | Found Grycu's Gadget Shoppe.
 23514 | Orc:4    | Received a gift from Okawaru
 23515 | Orc:4    | Got a brightly glowing dagger {god gift}
 24302 | Orc:4    | Found Struuh's Distillery.
 24302 | Orc:4    | Found Equus' Armour Boutique.
 24303 | Orc:4    | Found Kaphacvi's Jewellery Shoppe.
 24303 | Orc:4    | Found Gips' General Store.
 24317 | Orc:4    | Bought the ring of Praoh {MR++ Acc+5 Dam+3} for 1351 gold pieces
 24321 | Orc:4    | Bought a scroll of torment for 97 gold pieces
 24321 | Orc:4    | Bought a scroll of recharging for 71 gold pieces
 24321 | Orc:4    | Bought a scroll of identify for 26 gold pieces
 24321 | Orc:4    | Bought a scroll of enchant weapon I for 71 gold pieces
 24381 | Orc:4    | Found a roughly hewn altar of Beogh.
 25677 | D:13     | Found a sparkling altar of Nemelex Xobeh.
 25700 | D:13     | Received a gift from Okawaru
 25825 | D:14     | Entered Level 14 of the Dungeon
 25945 | D:14     | Found an iron altar of Okawaru.
 25994 | D:14     | Reached XP level 15. HP: 93/97 MP: 25/25
 26722 | D:15     | Entered Level 15 of the Dungeon
 26903 | D:15     | Reached skill level 15 in Fighting
 26937 | D:15     | Reached skill level 15 in Shields
 27182 | D:15     | Identified the dagger "Towedo" {god gift, speed, +Rage +Fly} (Okawaru gifted it to you on level 4 of the Orcish Mines)
 27319 | D:15     | Found a staircase to the Vaults.
 27367 | D:15     | Received a gift from Okawaru
 27395 | D:15     | Reached skill level 15 in Armour
 27405 | D:15     | Reached skill level 1 in Dodging
 27834 | Shoals:1 | Entered Level 1 of the Shoals
 27923 | Shoals:1 | Received a gift from Okawaru
 28286 | Shoals:1 | Found Fenk's Distillery.
 28293 | Shoals:1 | Bought a potion of restore abilities for 39 gold pieces
 28293 | Shoals:1 | Bought 2 potions of speed for 143 gold pieces
 28293 | Shoals:1 | Bought a potion of berserk rage for 39 gold pieces
 28293 | Shoals:1 | Bought 2 potions of speed for 143 gold pieces
 28293 | Shoals:1 | Bought a potion of mutation for 39 gold pieces
 28293 | Shoals:1 | Bought a potion of berserk rage for 39 gold pieces
 28293 | Shoals:1 | Bought a potion of poison for 13 gold pieces
 28293 | Shoals:1 | Bought a potion of speed for 71 gold pieces
 28561 | Shoals:1 | Identified a +0 rod of the swarm (9/9) (You found it on level 1 of the Shoals)
 28828 | Shoals:2 | Identified the Volume of Confrontation and Ignition
 28950 | Shoals:2 | Reached skill level 5 in Dodging
 29191 | Shoals:2 | Noticed Agnes
 29208 | Shoals:2 | Killed Agnes
 29396 | Shoals:2 | Received a gift from Okawaru
 29397 | Shoals:2 | Got a pair of fine boots {god gift}
 29401 | Shoals:2 | Identified the +0 pair of boots of Wasted Space {Int+3} (Okawaru gifted it to you on level 2 of the Shoals)
 29897 | Shoals:3 | Noticed Louise
 29904 | Shoals:3 | Reached XP level 16. HP: 98/104 MP: 23/25
 29930 | Shoals:3 | Killed Louise
 30006 | Shoals:3 | Identified the Collected Works on Ashen Arcane Weapons
 30134 | Shoals:3 | Noticed Nikola
 30145 | Shoals:3 | Noticed Saint Roka
 30196 | Shoals:3 | Killed Nikola
 30537 | Spider:1 | Entered Level 1 of the Spider Nest
 30955 | Spider:1 | Received a gift from Okawaru
 31581 | Spider:2 | Noticed Aizul
 31593 | Spider:2 | Killed Aizul
 31926 | Spider:3 | Noticed Wiglaf
 32125 | Spider:3 | Killed Wiglaf
 32129 | Spider:3 | Reached skill level 10 in Dodging
 32238 | Spider:3 | Noticed Donald
 32266 | Spider:3 | Killed Donald
 33013 | Spider:4 | Received a gift from Okawaru
 33019 | Spider:4 | Got a slimy scale mail {god gift}
 33038 | Spider:4 | Identified the +1 scale mail "Omij" {Acc+5 Dam+4} (Okawaru gifted it to you on level 4 of the Spider Nest)
 33356 | Spider:4 | Paralysed by a Zot trap for 4 turns
 33784 | Lair:2   | Learned a level 1 spell: Apportation
 33786 | Lair:2   | Learned a level 1 spell: Summon Butterflies
 33789 | Lair:2   | Learned a level 2 spell: Blink
 33792 | Lair:2   | Learned a level 2 spell: Repel Missiles
 33910 | Vaults:1 | Entered Level 1 of the Vaults
 34093 | Vaults:1 | Reached XP level 17. HP: 109/109 MP: 24/26
 34646 | Vaults:1 | Received a gift from Okawaru
 36725 | Vaults:2 | Found Rosap's Book Emporium.
 36759 | Vaults:2 | Bought a book of Wizardry for 480 gold pieces
 36804 | Vaults:2 | Received a gift from Okawaru
 36817 | Vaults:2 | Got a warped eveningstar {god gift}
 36818 | Vaults:2 | Identified the eveningstar "Orb Guardian's Peril" {god gift, venom, rN+ Dex+1 SInv} (Okawaru gifted it to you on level 2 of the Vaults)
 37333 | Vaults:3 | Received a gift from Okawaru
 37463 | Vaults:3 | Reached XP level 18. HP: 64/116 MP: 22/27
 37937 | Vaults:3 | Found an ancient bone altar of Kikubaaqudgha.
 37937 | Vaults:3 | Found a staircase to the Crypt.
 37937 | Vaults:3 | Found a basalt altar of Yredelemnul.
 38123 | Vaults:3 | Reached skill level 15 in Dodging
 38175 | Vaults:3 | Found Ghie's Gadget Emporium.
 38314 | Vaults:3 | Reached skill level 1 in Spellcasting
 38314 | Vaults:3 | Reached skill level 1 in Charms
 38323 | Vaults:3 | Found a staircase to the Hall of Blades.
 38375 | Blade    | Entered the Hall of Blades
 39328 | Vaults:4 | Reached skill level 5 in Charms
 39394 | Vaults:4 | Reached skill level 5 in Spellcasting
 39614 | Vaults:4 | Received a gift from Okawaru
 39615 | Vaults:4 | Got a pair of smoking boots {god gift}
 39619 | Vaults:4 | Identified the +1 pair of boots of Masochism {Str+4 Dex+3 Curse} (Okawaru gifted it to you on level 4 of the Vaults)
 39622 | Vaults:4 | Identified the Disquisition on the Escort
 39700 | Vaults:4 | Noticed Frances
 39739 | Vaults:4 | Killed Frances
 39929 | Vaults:4 | Noticed Sojobo
 39946 | Vaults:4 | Killed Sojobo
 39955 | Vaults:4 | Reached XP level 19. HP: 70/121 MP: 26/31
 40956 | Vaults:4 | Received a gift from Okawaru
 41342 | Vaults:4 | Noticed Jory
 41358 | Vaults:4 | Killed Jory
 41980 | Lair:2   | Learned a level 6 spell: Haste
 42324 | D:16     | Noticed Snorg
 42336 | D:16     | Killed Snorg
 42457 | D:16     | Noticed Azrael
 42479 | D:16     | Killed Azrael
 42533 | D:16     | Noticed Roxanne
 42547 | D:16     | Killed Roxanne
 42563 | D:16     | Identified Roxanne's Tome of Dusty Shape Shifting (You took it off Roxanne on level 16 of the Dungeon)
 42933 | D:17     | Reached skill level 10 in Charms
 43032 | D:17     | Received a gift from Okawaru
 43260 | D:17     | Identified Sif Muna's Catalogue of Augmentations
 43568 | D:18     | Reached skill level 10 in Spellcasting
 44111 | D:18     | Reached XP level 20. HP: 128/128 MP: 35/35
 44499 | D:19     | Found a frozen archway.
 44516 | IceCv    | Entered an ice cave
 45092 | D:19     | Received a gift from Okawaru
 45386 | D:19     | Noticed Rupert
 45399 | D:19     | Killed Rupert
 45545 | D:19     | Noticed Mara
 45559 | D:19     | Killed Mara
 46256 | D:19     | Found Qyselit's General Store.
 46290 | D:19     | Bought a potion of speed for 82 gold pieces
 46717 | D:20     | Entered Level 20 of the Dungeon
 46998 | D:20     | Found a glowing golden altar of the Shining One.
 47579 | D:21     | Received a gift from Okawaru
 47685 | D:21     | Found a gateway to Hell.
 47776 | D:21     | Found a one-way gate to the infinite horrors of the Abyss.
 48656 | D:22     | Reached XP level 21. HP: 133/133 MP: 35/37
 48750 | D:22     | Received a gift from Okawaru
 49153 | D:22     | Found a one-way gate leading to the halls of Pandemonium.
 49218 | D:22     | Found Schonesau's Weapon Emporium.
 49564 | D:23     | Noticed letownia's ghost (mighty MiWr)
 49592 | D:23     | Killed letownia's ghost
 49725 | D:23     | Received a gift from Okawaru
 50196 | D:23     | Reached skill level 1 in Translocations
 50429 | D:23     | Reached skill level 15 in Charms
 51069 | D:24     | Noticed Mennas
 51122 | D:24     | Killed Mennas
 51197 | D:24     | Found Yrimis' Magical Wand Shoppe.
 51206 | D:24     | Bought a wand of draining (1) for 60 gold pieces
 51206 | D:24     | Bought a wand of heal wounds (7) for 792 gold pieces
 51530 | D:24     | Received a gift from Okawaru
 51559 | D:25     | Entered Level 25 of the Dungeon
 51608 | D:25     | Reached skill level 5 in Translocations
 52254 | D:25     | Paralysed by a giant eyeball for 2 turns
 52307 | D:25     | Noticed an ancient lich
 52381 | D:25     | Killed an ancient lich
 52381 | D:25     | Received a gift from Okawaru
 52381 | D:25     | Reached skill level 16 in Fighting
 52382 | D:25     | Got a twisted plate armour {god gift}
 52615 | D:25     | Paralysed by a giant eyeball for 3 turns
 52627 | D:25     | Paralysed by a giant eyeball for 4 turns
 52676 | D:25     | Learned a level 4 spell: Control Teleport
 52711 | D:25     | Identified the -1 plate armour of the Three Curses {rElec Dex+2} (Okawaru gifted it to you on level 25 of the Dungeon)
 52760 | D:25     | Got a fine glass ring
 52778 | D:25     | Identified the ring of Paxot {Dex+4 Int+2 Stlth+} (You found it on level 25 of the Dungeon)
 52853 | D:25     | Reached XP level 22. HP: 105/144 MP: 38/38
 53058 | D:25     | Reached skill level 17 in Fighting
 53425 | D:25     | Received a gift from Okawaru
 53533 | D:25     | Reached skill level 18 in Fighting
 54247 | D:25     | Received a gift from Okawaru
 54671 | D:21     | Reached skill level 19 in Fighting
 55390 | D:26     | Noticed Xtahua
 55415 | D:26     | Killed Xtahua
 55498 | D:26     | Noticed Margery
 55539 | D:26     | Killed Margery
 55900 | D:26     | Noticed Boris
 56511 | Elf:1    | Entered Level 1 of the Elven Halls
 56609 | Elf:1    | Reached skill level 1 in Long Blades
 56775 | Elf:1    | Reached skill level 20 in Fighting
 57512 | Elf:2    | Noticed Kirke
 57531 | Elf:2    | Killed Kirke
 57586 | Elf:2    | Reached XP level 23. HP: 146/156 MP: 39/39
 57769 | Elf:2    | Received a gift from Okawaru
 57770 | Elf:2    | Got an iridescent double sword {god gift}
 57771 | Elf:2    | Identified the double sword of the End {god gift, freeze, +Blink rN+} (Okawaru gifted it to you on level 2 of the Elven Halls)
 57826 | Elf:2    | Found a portal to a secret trove of treasure.
 57833 | Trove    | Entered a treasure trove
 57838 | Trove    | Got an ancient cloak
 57846 | Trove    | Identified the +1 cloak of the Sailor {rN+ Str-2} (You found it in a treasure trove)
 57851 | Trove    | Got a faintly humming plate armour
 57853 | Trove    | Got a steaming shield
 57869 | Trove    | Identified the +0 shield of Elyvilon's Approval {rN+ Dex+3} (You found it in a treasure trove)
 57899 | Trove    | Identified the -3 plate armour of Gad Fedd {SInv} (You found it in a treasure trove)
 57937 | Trove    | Identified a +0 cloak of preservation (You found it in a treasure trove)
 57946 | Trove    | Got a pair of warped gloves
 57952 | Trove    | Identified the +2 pair of gloves "Khefudouwk" {rF+ Int+3} (You found it in a treasure trove)
 58706 | Spider:5 | Entered Level 5 of the Spider Nest
 59586 | Spider:5 | Got a gossamer rune of Zot
 59614 | Spider:5 | Received a gift from Okawaru
 59615 | Spider:5 | Got a brightly glowing plate armour {god gift}
 59648 | Spider:5 | Identified the +0 plate armour of Khaefra {Str+2 Dam-4} (Okawaru gifted it to you on level 5 of the Spider Nest)
 60282 | Shoals:3 | Killed Saint Roka
 60898 | Shoals:4 | Found a bloodstained altar of Trog.
 60921 | Shoals:4 | Found a flickering gateway to a bazaar.
 60946 | Bazaar   | Entered a bazaar
 60982 | Bazaar   | Found Peuxzaoxu's Distillery.
 60982 | Bazaar   | Found Koraunir's Distillery.
 61004 | Bazaar   | Found Porreelyri's Book Shoppe.
 61019 | Bazaar   | Found Twegh's Antique Armour Emporium.
 61079 | Bazaar   | Bought 2 potions of heal wounds for 66 gold pieces
 61079 | Bazaar   | Bought a potion of heal wounds for 33 gold pieces
 61086 | Bazaar   | Bought a potion of porridge for 12 gold pieces
 61086 | Bazaar   | Bought a potion of mutation for 36 gold pieces
 61091 | Bazaar   | Bought a potion of might for 30 gold pieces
 61098 | Bazaar   | Bought a potion of restore abilities for 33 gold pieces
 61098 | Bazaar   | Bought a potion of restore abilities for 33 gold pieces
 61098 | Bazaar   | Bought a potion of berserk rage for 33 gold pieces
 61098 | Bazaar   | Bought a potion of speed for 60 gold pieces
 61105 | Bazaar   | Bought a potion of restore abilities for 36 gold pieces
 61105 | Bazaar   | Bought a potion of restore abilities for 36 gold pieces
 61105 | Bazaar   | Bought a potion of restore abilities for 36 gold pieces
 61105 | Bazaar   | Bought a potion of restore abilities for 36 gold pieces
 61654 | Shoals:4 | Found a shattered altar of Ashenzari.
 61873 | Shoals:5 | Entered Level 5 of the Shoals
 61966 | Shoals:5 | Noticed Jorgrun
 62160 | Shoals:5 | Got a barnacled rune of Zot
 62181 | Shoals:5 | Killed Jorgrun
 62297 | Shoals:5 | Noticed Polyphemus
 62323 | Shoals:5 | Killed Polyphemus
 62437 | Shoals:5 | Noticed Ilsuiw
 62454 | Shoals:5 | Killed Ilsuiw
 62566 | Shoals:5 | Received a gift from Okawaru
 62866 | Shoals:5 | Got a flickering bone ring
 63557 | Lair:2   | Identified the ring "Throlann" {EV+5 Int+4} (You took it off a mermaid on level 5 of the Shoals)
 63892 | Vaults:5 | Entered Level 5 of the Vaults
 63955 | Vaults:5 | Reached XP level 24. HP: 127/164 MP: 38/39
 64296 | Vaults:5 | Received a gift from Okawaru
 64410 | Vaults:5 | Got an ichor-stained lajatang
 64413 | Vaults:5 | Identified the +5,+10 lajatang "Qegh" {freeze, rC+} (You found it on level 5 of the Vaults)
 64582 | Vaults:5 | Identified Yriy's Disquisition on Translocation
 64607 | Vaults:5 | Learned a level 5 spell: Phase Shift
 64611 | Vaults:5 | Identified a +7 rod of venom (13/13) (You found it on level 5 of the Vaults)
 65175 | Vaults:5 | Got a twitching marble ring
 65176 | Vaults:5 | Identified the ring of Awe {Fire Contam +Blink +Fly rElec Stlth} (You found it on level 5 of the Vaults)
 65419 | Vaults:5 | Reached skill level 5 in Long Blades
 65427 | Vaults:5 | Received a gift from Okawaru
 65448 | Vaults:5 | Gained mutation: Your magical capacity is low (-10% MP). [a shining eye]
 65561 | Vaults:5 | Got a silver rune of Zot
 66614 | D:12     | Bought the amulet of Feasy {rMut Int-1 Acc+4} for 563 gold pieces
 66738 | D:8      | Fell from the grace of Okawaru
 66738 | D:8      | Became a worshipper of the Shining One
 67319 | Crypt:1  | Entered Level 1 of the Crypt
 67356 | Crypt:1  | Noticed oink's ghost (mighty GrFi)
 67373 | Crypt:1  | Noticed oink's ghost (mighty GrFi)
 67403 | Crypt:1  | Killed oink's ghost
 67421 | Crypt:1  | Killed oink's ghost
 67421 | Crypt:1  | Reached XP level 25. HP: 100/169 MP: 36/36
 67422 | Crypt:1  | lol
 67496 | Crypt:1  | Acquired the Shining One's first power
 67975 | Crypt:1  | Acquired the Shining One's second power
 67975 | Crypt:1  | Reached skill level 10 in Long Blades
 69257 | Crypt:2  | Acquired the Shining One's third power
 69504 | Crypt:3  | Got a fine ivory ring
 69505 | Crypt:3  | Identified the ring of Ceuhocoat {rC+ MR+} (You found it on level 3 of the Crypt)
 69651 | Crypt:3  | Found a staircase to the Tomb.
 70426 | Crypt:4  | Acquired the Shining One's fourth power
 71144 | Crypt:4  | Got a glittering sapphire amulet
 71145 | Crypt:4  | Identified the amulet of Xaemux {Ward -Cast rElec rN+} (You acquired it on level 4 of the Crypt)
 71701 | Hell     | Entered the Vestibule of Hell
 71965 | Hell     | Noticed Geryon
 71992 | Hell     | Killed Geryon
 71992 | Hell     | Reached XP level 26. HP: 176/176 MP: 36/36
 72140 | Hell     | Found a gateway to the ashen valley of Gehenna.
 72199 | Hell     | Reached skill level 15 in Long Blades
 72267 | Hell     | Found a gateway to the Iron City of Dis.
 72403 | Hell     | Found a gateway to the freezing wastes of Cocytus.
 72997 | D:20     | Identified a +3,+5 Blessed Blade (a +2,+3 triple sword of distortion blessed by the Shining One)
 73958 | Hell     | Learned a level 7 spell: Controlled Blink
 74373 | D:27     | Entered Level 27 of the Dungeon
 75675 | Zot:1    | Entered Level 1 of the Realm of Zot
 78282 | Zot:3    | Reached XP level 27. HP: 167/182 MP: 32/36
 80355 | Zot:5    | Entered Level 5 of the Realm of Zot
 81527 | Elf:3    | Entered Level 3 of the Elven Halls
 81930 | Elf:3    | Reached skill level 21 in Long Blades
 82509 | Elf:3    | Identified a +3 rod of frigid destruction (10/10) (You found it on level 3 of the Elven Halls)
 82943 | Elf:3    | Reached skill level 22 in Long Blades
 83088 | Elf:3    | Got an ancient storm dragon armour
 83089 | Elf:3    | Identified the +13 storm dragon armour of the Twelve Demons {rElec rC+ MR++} (You found it on level 3 of the Elven Halls)
 83391 | Elf:3    | Found Puc Ishe's Book Shop.
 84023 | D:21     | Voluntarily entered the Abyss.
 84167 | Abyss:1  | Gained mutation: Your magical capacity is very low (-20% MP). [a neqoxec]
 84240 | Abyss:1  | Found a roughly hewn altar of Beogh.
 84668 | Abyss:1  | Reached skill level 10 in Translocations
 85206 | Abyss:2  | Found a corrupted altar of Lugonu.
 85214 | Abyss:2  | Found a corrupted altar of Lugonu.
 86137 | Abyss:4  | Got an abyssal rune of Zot
 86309 | Abyss:4  | Found a corrupted altar of Lugonu.
 86352 | D:21     | Escaped the Abyss
 86407 | Tar:1    | Entered Level 1 of Tartarus
 86550 | Tar:1    | Reached skill level 15 in Translocations
 89670 | Tar:4    | Noticed an ancient lich
 89705 | Tar:4    | Killed an ancient lich
 92196 | Tar:7    | Entered Level 7 of Tartarus
 92808 | Tar:7    | Noticed Ereshkigal
 92837 | Tar:7    | Killed Ereshkigal
 92887 | Tar:7    | Got a bone rune of Zot
 93278 | Tar:7    | Got a sparkling pewter amulet
 93293 | Tar:7    | Noticed an ancient lich
 93297 | Tar:7    | Killed an ancient lich
 93333 | Tar:7    | Reached skill level 15 in Spellcasting
 93335 | Tar:7    | Identified the Disquisition on Assistive Combat Magic
 93362 | Tar:7    | Noticed an ancient lich
 93367 | Tar:7    | Killed an ancient lich
 93423 | Tar:7    | Got a jewelled great sword
 93541 | Tar:7    | Got a ring of the Octopus King
 93848 | Hell     | Identified a ring of the Octopus King {Wiz AC+1 EV+1 Str+1 Dex+1 Int+1} (You found it on level 7 of Tartarus)
 93851 | Hell     | Identified the amulet "Mofocuf" {Ward Str+1 SInv Stlth--} (You found it on level 7 of Tartarus)
 93853 | Hell     | Identified the cursed +0,-1 great sword of Dung {drain, rPois} (You found it on level 7 of Tartarus)
 93856 | Hell     | Identified a -1 rod of demonology (13/13) (You found it on level 7 of Tartarus)
 93924 | Dis:1    | Entered Level 1 of the Iron City of Dis
 94669 | Dis:1    | Paralysed by the effects of Hell for 6 turns
 95052 | Dis:2    | Gained mutation: Armour fits poorly on your strangely shaped body. [a cacodemon]
 95338 | Dis:2    | Was forgiven by Okawaru
 96118 | Dis:3    | Reached skill level 23 in Fighting
 96384 | Dis:4    | Found a glowing silver altar of Zin.
 96443 | Dis:4    | Found a shimmering altar of Xom.
 97069 | Dis:4    | Reached skill level 24 in Fighting
 98006 | Dis:5    | Reached skill level 25 in Fighting
 98959 | Dis:7    | Entered Level 7 of the Iron City of Dis
 98987 | Dis:7    | Reached skill level 26 in Fighting
 99079 | Dis:7    | Paralysed by the effects of Hell for 3 turns
 99429 | Dis:7    | Identified the Reference Book on the Oath
 99443 | Dis:7    | Identified the Incunabulum of Glacial Enchantment (You found it on level 7 of the Iron City of Dis)
 99561 | Dis:7    | Reached skill level 27 in Fighting
100458 | Dis:7    | Noticed inmateoo's ghost (legendary GrFi)
100482 | Dis:7    | Killed inmateoo's ghost
100834 | Dis:7    | Noticed the Serpent of Hell
100851 | Dis:7    | Killed the Serpent of Hell
101323 | Dis:7    | Noticed Dispater
101350 | Dis:7    | Killed Dispater
101363 | Dis:7    | Identified the Almanac of Dislocated Benedictions
101365 | Dis:7    | Got an iron rune of Zot
101636 | Geh:1    | Entered Level 1 of Gehenna
105947 | Geh:5    | Gained mutation: You are clumsy. (Dex -2) [mutagenic glow]
106718 | Geh:7    | Entered Level 7 of Gehenna
106826 | Geh:7    | Reached skill level 27 in Armour
107811 | Geh:7    | Noticed Asmodeus
107849 | Geh:7    | Killed Asmodeus
107915 | Geh:7    | Got an ancient lapis lazuli ring
107954 | Geh:7    | Got an obsidian rune of Zot
107966 | Geh:7    | Got a brightly glowing scimitar
107982 | Geh:7    | Got a fine turquoise ring
107992 | Geh:7    | Identified Sif Muna's Almanac of Unstable Toxins
108200 | Hell     | Identified the ring of Erhyus {+Rage +Fly rF- MR} (You found it on level 7 of Gehenna)
108203 | Hell     | Identified the ring "Tuomat" {+Fly Str+4 Dex+4} (You found it on level 7 of Gehenna)
108206 | Hell     | Identified the +11,+7 scimitar "Zuuf" {freeze, rC- SInv} (You found it on level 7 of Gehenna)
108647 | Orc:2    | Bought a meat ration for 44 gold pieces
108647 | Orc:2    | Bought a bread ration for 44 gold pieces
108647 | Orc:2    | Bought a bread ration for 44 gold pieces
108647 | Orc:2    | Bought a bread ration for 44 gold pieces
108647 | Orc:2    | Bought a pear for 8 gold pieces
108647 | Orc:2    | Bought a meat ration for 44 gold pieces
108647 | Orc:2    | Bought a snozzcumber for 4 gold pieces
108647 | Orc:2    | Bought a choko for 4 gold pieces
108647 | Orc:2    | Bought a bread ration for 44 gold pieces
108647 | Orc:2    | Bought a pear for 8 gold pieces
108739 | Orc:4    | Bought an uncursed ring of protection from fire for 350 gold pieces
108742 | Orc:4    | Bought a potion of mutation for 45 gold pieces
108742 | Orc:4    | Bought a potion of heal wounds for 45 gold pieces
108746 | Orc:4    | Bought a scroll of remove curse for 39 gold pieces
108746 | Orc:4    | Bought a bread ration for 52 gold pieces
109289 | Coc:1    | Entered Level 1 of Cocytus
109809 | Coc:1    | Paralysed by the effects of Hell for 2 turns
109831 | Coc:1    | Reached skill level 10 in Invocations
110525 | Coc:2    | Paralysed by the effects of Hell for 5 turns
110827 | Coc:2    | Gained mutation: You tend to lose your temper in combat. [mutagenic glow]
112436 | Coc:4    | Gained mutation: You occasionally shout uncontrollably. [mutagenic glow]
112556 | Hell     | Gained mutation: You have claws for feet. [potion of mutation]
112556 | Hell     | Gained mutation: You are dopey. (Int -2) [potion of mutation]
112557 | Hell     | Lost mutation: Your magical capacity is very low (-20% MP). [potion of mutation]
112558 | Hell     | Gained mutation: You are partially covered in rugged brown scales (AC +1, +3% HP). [potion of mutation]
112558 | Hell     | Gained mutation: You are partially covered in rough black scales (AC +4, Dex -1). [potion of mutation]
112559 | Hell     | Lost mutation: You are dopey. (Int -2) [potion of cure mutation]
112559 | Hell     | Lost mutation: Armour fits poorly on your strangely shaped body. [potion of cure mutation]
112559 | Hell     | Lost mutation: You tend to lose your temper in combat. [potion of cure mutation]
113074 | Coc:4    | Noticed an ancient lich
113081 | Coc:4    | Killed an ancient lich
114742 | Coc:7    | Entered Level 7 of Cocytus
115432 | Coc:7    | Identified the Grimoire of Clay
115434 | Coc:7    | Got a crude long sword
115726 | Coc:7    | Paralysed by the effects of Hell for 2 turns
115810 | Coc:7    | Noticed Antaeus
115850 | Coc:7    | Killed Antaeus
115898 | Coc:7    | Got an icy rune of Zot
116175 | Hell     | Identified the +3,+11 long sword "Golua" {slice, rPois Int-3} (You found it on level 7 of Cocytus)
116175 | Hell     | Identified a +4 rod of destruction (9/9) (You found it on level 7 of Cocytus)
116538 | Slime:1  | Entered Level 1 of the Pits of Slime
118403 | Slime:2  | Paralysed by a giant eyeball for 4 turns
119581 | Slime:6  | Entered Level 6 of the Pits of Slime
119610 | Slime:6  | Noticed the royal jelly
119851 | Slime:6  | Killed the royal jelly
120578 | Slime:6  | Paralysed by a giant eyeball for 4 turns
120585 | Slime:6  | Paralysed by a giant eyeball for 3 turns
120593 | Slime:6  | Paralysed by a giant eyeball for 3 turns
120616 | Slime:6  | Got a slimy rune of Zot
120637 | Slime:6  | Got an encrusted falchion
120667 | Slime:6  | Identified the Collected Works on Dusty Contamination
120748 | Slime:6  | Identified Advanced Steps in Spellcasting (You found it on level 6 of the Pits of Slime)
120752 | Slime:6  | Got a smoking scale mail
121447 | Hell     | Identified the +4,+7 falchion of Bloodstone {slice, rF+ SInv} (You found it on level 6 of the Pits of Slime)
121447 | Hell     | Identified the +1 scale mail of Midwinter {+Inv Dam+6 SInv} (You found it on level 6 of the Pits of Slime)
122014 | Crypt:5  | Entered Level 5 of the Crypt
122333 | Crypt:5  | Got a polished chain mail
122347 | Crypt:5  | Identified the cursed -6 chain mail of Tenacity {Dex-1 Int+1} (You found it on level 5 of the Crypt)
123443 | Crypt:5  | Found an ancient bone altar of Kikubaaqudgha.
123445 | Crypt:5  | Noticed an ancient lich
123460 | Crypt:5  | Noticed an ancient lich
123467 | Crypt:5  | Killed an ancient lich
123492 | Crypt:5  | Noticed an ancient lich
123507 | Crypt:5  | Killed an ancient lich
123524 | Crypt:5  | Identified Xibekosch's Hermeneutics Continued
123712 | Crypt:5  | Killed an ancient lich
123775 | Tomb:1   | Entered Level 1 of the Tomb of the Ancients
125187 | Tomb:3   | Entered Level 3 of the Tomb of the Ancients
127151 | Tomb:3   | Identified the Tome of Conjuration
127285 | Tomb:3   | Got a shimmering wooden ring
127310 | Tomb:3   | Identified Louise's Tome of Blistering Confrontation (You found it on level 3 of the Tomb of the Ancients)
127333 | Tomb:3   | Got a transparent scale mail
127342 | Tomb:3   | Identified the Collected Works on Scorching Enhancements (You found it on level 3 of the Tomb of the Ancients)
127394 | Tomb:3   | Identified the ring "Winuem" {+Rage AC+3 SInv} (You found it on level 3 of the Tomb of the Ancients)
127396 | Tomb:3   | Identified the +3 scale mail of the Beggar {rElec Acc+6} (You found it on level 3 of the Tomb of the Ancients)
127574 | Tomb:3   | Identified the Grimoire of the Eternal Void (You found it on level 3 of the Tomb of the Ancients)
127689 | Tomb:3   | Got a golden rune of Zot
131363 | D:7      | Fell from the grace of the Shining One
131363 | D:7      | Became a worshipper of Zin the Law-Giver
131363 | D:7      | Acquired Zin's first power
131363 | D:7      | Acquired Zin's second power
131363 | D:7      | Acquired Zin's third power
131364 | D:7      | Donated 4428 gold pieces to Zin
131366 | D:7      | Acquired Zin's fourth power
131633 | D:19     | Received a gift from Zin
131633 | D:19     | Lost mutation: You have claws for feet. [Zin's power]
131633 | D:19     | Lost mutation: You are partially covered in rough black scales (AC +4, Dex -1). [Zin's power]
131633 | D:19     | Lost mutation: You are partially covered in rugged brown scales (AC +1, +3% HP). [Zin's power]
131633 | D:19     | Lost mutation: You are clumsy. (Dex -2) [Zin's power]
131633 | D:19     | Lost mutation: Your magical capacity is low (-10% MP). [Zin's power]
131633 | D:19     | Lost mutation: You occasionally shout uncontrollably. [Zin's power]
131666 | D:20     | Fell from the grace of Zin
131666 | D:20     | Became a worshipper of the Shining One
131806 | Pan      | Entered Pandemonium
131827 | Pan      | Noticed Ihioto the pandemonium lord
131836 | Pan      | Killed Ihioto the pandemonium lord
131888 | Pan      | Got a demonic rune of Zot
132340 | Pan      | Noticed Gailaok the pandemonium lord
132352 | Pan      | Killed Gailaok the pandemonium lord
132352 | Pan      | Reached skill level 27 in Dodging
132662 | Pan      | Entered the realm of Gloorx Vloq.
132797 | Pan      | Found an exit through the horrors of the Abyss.
133222 | Pan      | Noticed Gloorx Vloq
133238 | Pan      | Killed Gloorx Vloq
133263 | Pan      | Got a dark rune of Zot
133670 | Pan      | Noticed Dinweref the pandemonium lord
133680 | Pan      | Killed Dinweref the pandemonium lord
134123 | Pan      | Got a faintly glowing silver ring
134124 | Pan      | Identified the ring "Blulluocs" {+Fly rPois rN+ Int-3} (You found it in Pandemonium)
134202 | Pan      | Entered the realm of Mnoleg.
134309 | Pan      | Noticed Mnoleg
134315 | Pan      | Gained mutation: You are weak. (Str -2) [a neqoxec]
134332 | Pan      | Killed Mnoleg
134334 | Pan      | Gained mutation: You occasionally shout uncontrollably. [a shining eye]
134363 | Pan      | Got a glowing rune of Zot
134686 | Pan      | Noticed Uxuefy the pandemonium lord
134696 | Pan      | Killed Uxuefy the pandemonium lord
134918 | Pan      | Found a gateway to a ziggurat.
134918 | Pan      | Noticed an ancient lich
134919 | Pan      | Noticed an ancient lich
134934 | Pan      | Killed an ancient lich
134944 | Pan      | Killed an ancient lich
135180 | Pan      | Noticed Qusoam the pandemonium lord
135186 | Pan      | Killed Qusoam the pandemonium lord
135232 | Pan      | Gained mutation: Your body is slowly deteriorating. [mutagenic glow]
135810 | Pan      | Noticed Ippex the pandemonium lord
135818 | Pan      | Killed Ippex the pandemonium lord
136071 | Pan      | Noticed Ciafi the pandemonium lord
136084 | Pan      | Killed Ciafi the pandemonium lord
136156 | Pan      | Entered the realm of Cerebov.
136156 | Pan      | Noticed Cerebov
136267 | Pan      | Gained mutation: You are dopey. (Int -2) [mutagenic glow]
136275 | Pan      | Killed Cerebov
136285 | Pan      | Got a fiery rune of Zot
136553 | Pan      | Got a dazzling scale mail
136554 | Pan      | Identified the +5 scale mail of Integrity {Dam+4} (You found it in Pandemonium)
136579 | Pan      | Got a heavily runed copper ring
136618 | Pan      | Got a brightly glowing great sword
136725 | Pan      | Got a heavily runed plate armour
136730 | Pan      | Identified the +4 plate armour of the Equator {+Rage} (You found it in Pandemonium)
136731 | Pan      | Identified the +11,+9 great sword "Mosiyzuy" {slice, -Tele rN+} (You found it in Pandemonium)
136732 | Pan      | Identified the ring "Nesched" {rC+ Int+1 Acc+3} (You found it in Pandemonium)
136764 | Pan      | Got a steaming turquoise ring
137077 | Pan      | Reached skill level 27 in Long Blades
137264 | Pan      | Identified the ring of Winter {Hunger- rC++} (You found it in Pandemonium)
137425 | Pan      | Entered the realm of Lom Lobon.
137670 | Pan      | Noticed Lom Lobon
137686 | Pan      | Killed Lom Lobon
137688 | Pan      | Got a magical rune of Zot
138057 | Pan      | Found an exit through the horrors of the Abyss.
138068 | Pan      | Took an exit into the Abyss.
138068 | Abyss:1  | Escaped into the Abyss
138077 | Abyss:1  | Found a corrupted altar of Lugonu.
138187 | Abyss:1  | Found a corrupted altar of Lugonu.
138204 | D:22     | Escaped the Abyss
138585 | Zot:5    | Noticed an orb of fire
138590 | Zot:5    | Gained mutation: You sometimes yell uncontrollably. [an orb of fire]
138594 | Zot:5    | Killed an orb of fire
138594 | Zot:5    | Reached skill level 15 in Invocations
138611 | Zot:5    | Noticed an orb of fire
138611 | Zot:5    | Noticed an orb of fire
138612 | Zot:5    | Gained mutation: Armour fits poorly on your strangely shaped body. [an orb of fire]
138627 | Zot:5    | Killed an orb of fire
138639 | Zot:5    | Killed an orb of fire
138977 | Zot:5    | Noticed an orb of fire
138993 | Zot:5    | Killed an orb of fire
139110 | Zot:5    | Got the Orb of Zot
139111 | Zot:5    | Noticed Ycaxa the pandemonium lord
139121 | Zot:4    | Noticed Kloech the pandemonium lord
139450 | D:21     | Noticed Stryluk the pandemonium lord
139464 | D:21     | Killed Stryluk the pandemonium lord
139594 | D:17     | Noticed Gigud the pandemonium lord
139862 | D:5      | Noticed Zowif the pandemonium lord
139878 | D:5      | Killed Zowif the pandemonium lord
140017 | D:$      | Escaped with the Orb!

Action                   |  1- 3 |  4- 6 |  7- 9 | 10-12 | 13-15 | 16-18 | 19-21 | 22-24 | 25-27 || total
-------------------------+-------+-------+-------+-------+-------+-------+-------+-------+-------++-------
Melee: Mace              |    91 |   145 |    53 |       |       |       |       |       |       ||   289
       Flail             |       |       |   159 |   517 |   226 |       |       |       |       ||   902
       Whip              |       |       |    76 |   571 |   167 |       |       |       |       ||   814
       Morningstar       |       |       |       |       |  2191 |  1502 |   424 |   331 |  1368 ||  5816
       Unarmed           |       |       |       |       |    12 |       |       |       |       ||    12
       Dagger            |       |       |       |       |    10 |       |       |       |       ||    10
       Eveningstar       |       |       |       |       |       |   672 |   952 |   621 |       ||  2245
       Demon whip        |       |       |       |       |       |       |  1438 |  1816 |       ||  3254
       Blessed triple sw |       |       |       |       |       |       |       |       | 11920 || 11920
       Triple sword      |       |       |       |       |       |       |       |       |     5 ||     5
       Great sword       |       |       |       |       |       |       |       |       |    26 ||    26
Throw: Dagger            |       |     1 |       |       |       |       |       |       |       ||     1
       Javelin           |       |       |       |       |       |       |       |     5 |    15 ||    20
 Cast: Apportation       |       |       |       |       |       |     2 |       |     6 |    53 ||    61
       Blink             |       |       |       |       |       |       |       |     2 |     9 ||    11
       Control Teleport  |       |       |       |       |       |       |       |     1 |     1 ||     2
       Haste             |       |       |       |       |       |       |       |     8 |   102 ||   110
       Controlled Blink  |       |       |       |       |       |       |       |       |    27 ||    27
       Phase Shift       |       |       |       |       |       |       |       |       |     8 ||     8
       Repel Missiles    |       |       |       |       |       |       |       |       |     1 ||     1
Invok: Heroism           |       |       |     4 |    18 |    22 |    26 |    29 |    36 |       ||   135
       Finesse           |       |       |       |     1 |     1 |    10 |     9 |     7 |       ||    28
       Cleansing Flame   |       |       |       |       |       |       |       |       |    17 ||    17
       Summon Divine War |       |       |       |       |       |       |       |       |    25 ||    25
       Cure All Mutation |       |       |       |       |       |       |       |       |     1 ||     1
 Abil: Fly               |       |       |       |       |     1 |       |     3 |     3 |     1 ||     8
       Stop Flying       |       |       |       |       |       |     1 |     2 |     3 |     1 ||     7
Evoke: Wand              |       |       |    11 |    18 |    13 |    15 |    18 |    27 |    65 ||   167
       Miscellaneous     |       |       |       |       |       |       |       |       |     1 ||     1
       Deck              |       |       |       |       |       |       |       |       |     1 ||     1
  Use: Potion            |       |     5 |     1 |     6 |     7 |    15 |     6 |     9 |    58 ||   107
       Scroll            |       |     6 |    15 |    10 |    20 |    11 |    23 |    22 |    83 ||   190
 Stab: Paralysed         |       |       |       |     1 |       |       |       |       |     1 ||     2
       Distracted        |       |       |       |       |     1 |       |       |     1 |    11 ||    13
       Fleeing           |       |       |       |       |       |       |     1 |     2 |     4 ||     7
